[Event "Late-Titled-Tuesday-Blitz-September-05-2023"]
[Site "Chess.com"]
[Date "2023.09.05"]
[Round "4"]
[White "nitpicker"]
[Black "Keaton87"]
[Result "0-1"]
[WhiteElo "2270"]
[BlackElo "2614"]
[TimeControl "180+1"]
[EndTime "14:39:53 PDT"]
[Termination "Keaton87 won on time"]

1. d4 Nf6 2. c4 g6 3. Nc3 Bg7 4. e4 d6 5. Be2 Nbd7 6. Nf3 O-O 7. Be3 e5 8. d5 Nc5 9. Nd2 a5 10. a3 a4 11. Bxc5 dxc5 12. Nxa4 b6 13. b4 Bd7 14. Nc3 Qe7 15. Rb1 Rxa3 16. Nb5 Bxb5 17. cxb5 cxb4 18. O-O Bh6 19. Nc4 Rc3 20. d6 cxd6 21. Nxb6 Qc7 22. Nd5 Nxd5 23. Qxd5 Qc5 24. Rfd1 Rc2 25. Kf1 Qxd5 26.
Rxd5 Ra8 27. b6 Bd2 28. Rxd6 Kg7 29. b7 Rb8 30. Ba6 Ra2 31. Rb6 Bc3 32. Rd1 Bd4 33. Rc6 Rxf2+ 34. Ke1 Ra2 35. Rc8 Ba7 36. Rxb8 Bxb8 37.
Bb5 b3 38. Bc4 Ra7 39. Bd5 b2 40. Kd2 Ra1 0-1

[Event "Late-Titled-Tuesday-Blitz-September-05-2023"]
[Site "Chess.com"]
[Date "2023.09.05"]
[Round "4"]
[White "Firouzja2003"]
[Black "sergoy"]
[Result "1-0"]
[WhiteElo "3123"]
[BlackElo "2899"]
[TimeControl "180+1"]
[EndTime "14:39:54 PDT"]
[Termination "Firouzja2003 won by resignation"]

1. e4 c5 2. Nf3 d6 3. d4 cxd4 4. Nxd4 Nf6 5. Nc3 a6 6. Bg5 e6 7. Qd2 h6 8. Be3 b5 9. f3 Bb7 10. O-O-O Nbd7 11. Kb1 Qc7 12. Bxb5 axb5 13. Ndxb5 Qb8 14.
Nxd6+ Bxd6 15. Qxd6 Qxd6 16. Rxd6 Ke7 17. Rhd1 Rhc8 18.
R6d4 Bc6 19. b3 g5 20. Kb2 Rab8 21. a4 Ra8 22. Bf2 Ne5 23. Na2 Nfd7 24. Nb4 Bxa4 25.
bxa4 Nc5 26. Ra1 Nxa4+ 27. Kc1 Nc5 28. Rxa8 Rxa8 29. Bg3 f6 30. Bxe5 fxe5 31. Nc6+ Kf6 32. Rc4 Ra1+ 33. Kb2 Rg1 34. Rxc5 Rxg2 35. Nxe5 h5 36.
h3 Rg3 37. Kc3 Rxh3 38. Kd4 Rg3 39. Rc7 g4 40. f4 1-0

[Event "Late-Titled-Tuesday-Blitz-September-05-2023"]
[Site "Chess.com"]
[Date "2023.09.05"]
[Round "4"]
[White "Bauman_Guy"]
[Black "Jospem"]
[Result "1-0"]
[WhiteElo "2889"]
[BlackElo "3032"]
[TimeControl "180+1"]
[EndTime "14:39:55 PDT"]
[Termination "Bauman_Guy won by checkmate"]

1. e4 c5 2. Nf3 d6 3. d4 cxd4 4. Nxd4 a6 5. Nc3 e6 6. g4 b5 7. a3 Bb7 8. h4 Ne7 9. g5 Nec6 10. Be3 Nxd4 11. Qxd4 Nc6 12. Qd2 Qc7 13. h5 Be7 14. O-O-O b4 15. axb4 Nxb4 16. Kb1 Rb8 17. Rh3 Qa5 18. Bc4 Bc8 19. Bb3 e5 20. Rf3 Be6 21. Nd5 Bxd5 22. Bxd5 Rf8 23. Ba7 Rb5 24. Ra3 Qc7 25.
c4 Rb6 26. Bxb6 Qxb6 27. f4 exf4 28. Qxf4 a5 29. Rf3 Kd8 30. e5 Kc7 31. Bxf7 dxe5 32. Qxe5+ Bd6 33. Qxg7 Kb8 34. Rf6 Qc7 35. Rdxd6 Re8 36.
Bxe8 Qxg7 37. Rd8+ Kc7 38. Rd7+ Qxd7 39. Bxd7 h6 40.
Rxh6 Kxd7 41. g6 Nd3 42. g7 Ne5 43. g8=Q Nc6 44. Qg7+ Ne7 45. Rh7 Kc6 46. Qxe7 Kb6 47. Qd6# 1-0

[Event "Late-Titled-Tuesday-Blitz-September-05-2023"]
[Site "Chess.com"]
[Date "2023.09.05"]
[Round "4"]
[White "Druid24"]
[Black "Perecke"]
[Result "1/2-1/2"]
[WhiteElo "2664"]
[BlackElo "2481"]
[TimeControl "180+1"]
[EndTime "14:39:55 PDT"]
[Termination "Game drawn - insufficient material"]

1. d4 Nf6 2. Bg5 Ne4 3. h4 c5 4.
d5 Qb6 5. Bc1 c4 6. e3 e6 7. Nh3 Qa5+ 8. Nc3 Bb4 9. Bd2 Nxc3 10. bxc3 Bxc3 11. Bxc4 b5 12. Bb3 Bb7 13. Nf4 Na6 14.
dxe6 dxe6 15. Ne2 Bxd2+ 16. Qxd2 Qxd2+ 17. Kxd2 O-O-O+ 18. Kc3 Bxg2 19. Rhg1 Be4 20. Rxg7 Bg6 21. Nf4 Rd7 22. Nxg6 hxg6 23. Rh1 Nc5 24. Kb4 Nxb3 25. axb3 a6 26. c4 Rh5 27. Rh3 Kd8 28. Rg8+ Ke7 29. Ra8 bxc4 30. bxc4 Rb7+ 31. Kc3 a5 32. Rf3 Rc7 33.
Rf4 e5 34. Rg4 Kf6 35. Ra6+ Kg7 36. Rxa5 f5 37. Rg3 Rxh4 38. Ra4 f4 39. Rf3 g5 40.
exf4 gxf4 41. Rd3 Kf6 42. f3 Rh3 43. Ra6+ Kf5 44. Ra5 Rg7 45. Kb4 Rgg3 46. Rdd5 Rxf3 47. Rxe5+ Kf6 48. Rf5+ Ke6 49. Rae5+ Kd7 50. Kc5 Re3 51. Rd5+ Ke6 52. Rxf4 Rh8 53. Rg4 Rc8+ 54. Kd4 Re1 55. Rg6+ Kf7 56. Rg4 Rd1+ 57. Ke5 Re8+ 58. Kd6 Rd8+ 59. Kc6 Rc8+ 60. Kd7 Rxc4 61. Rxc4 Rxd5+ 62. Kc6 Rd1 63. Rf4+ Ke6 64. Rf2 Rc1+ 65. Kb5 Re1 66. Kc4 Re5 67. Rh2 Re1 68. Kd4 Rd1+ 69. Ke4 Re1+ 70. Kf4 Rf1+ 71. Ke4 Re1+ 72. Kf3 Rf1+ 73.
Ke2 Rf5 74. Rh4 Ke5 75. Ke3 Kd5 76. Ra4 Rf8 77. Ra5+ Kc4 78. Ra4+ Kd5 79. Rf4 Rxf4 80. Kxf4 1/2-1/2

[Event "Late-Titled-Tuesday-Blitz-September-05-2023"]
[Site "Chess.com"]
[Date "2023.09.05"]
[Round "4"]
[White "Evhen_Taranenko"]
[Black "CraiggoryC"]
[Result "1/2-1/2"]
[WhiteElo "2451"]
[BlackElo "2241"]
[TimeControl "180+1"]
[EndTime "14:39:55 PDT"]
[Termination "Game drawn by repetition"]

1. e4 e6 2. d4 d5 3. Nd2 Be7 4. e5 c5 5. c3 cxd4 6. cxd4 Nc6 7. Ngf3 Nh6 8. Bd3 Nf5 9. Nb3 a5 10. Bxf5 exf5 11. O-O O-O 12. Nc5 g5 13. e6 fxe6 14. Re1 g4 15. Ne5 Nxe5 16. Rxe5 Bd6 17. Nxe6 Qh4 18.
g3 Qf6 19. Nxf8 Bxe5 20. dxe5 Qxf8 21. Qxd5+ Qf7 22. Qxf7+ Kxf7 23. Bg5 Be6 24. Rc1 Rc8 25. Rxc8 Bxc8 26. Kf1 Be6 27. a3 a4 28. Ke2 Bc4+ 29.
Ke3 Ke6 30. Kd4 b5 31. Bf6 Bf1 32. Ke3 Bc4 33. f3 Bd5 34. fxg4 fxg4 35. Kf4 Bf3 36. Kg5 Kd5 37. Kh6 Be4 38. Kg5 Bf3 39. Kh5 Ke6 40. Kg5 Be2 41. Kf4 Bf3 42. Kg5 1/2-1/2

[Event "Late-Titled-Tuesday-Blitz-September-05-2023"]
[Site "Chess.com"]
[Date "2023.09.05"]
[Round "4"]
[White "baag"]
[Black "AleksanderHnydiuk"]
[Result "1-0"]
[WhiteElo "2778"]
[BlackElo "2534"]
[TimeControl "180+1"]
[EndTime "14:39:56 PDT"]
[Termination "baag won by resignation"]

1. d4 Nf6 2. c4 e6 3. Nc3 Bb4 4. e3 O-O 5. Bd3 c5 6. Nf3 d5 7.
a3 cxd4 8. axb4 dxc3 9. c5 cxb2 10.
Bxb2 Nc6 11. b5 Nb4 12. Bb1 Bd7 13. Qd4 a5 14. bxa6 Nc6 15. Qh4 Ne4 16. Qxd8 Rfxd8 17. Bxe4 dxe4 18. Nd2 Nb4 19. axb7 Rxa1+ 20. Bxa1 Nc2+ 21. Kd1 Nxa1 22. Kc1 Bc6 23. Rd1 Ba4 24. Kb2 Bc6 25.
Nxe4 Rb8 26. Nd6 Nc2 27. Kxc2 Ba4+ 28. Kc1 Kf8 29. Rd4 Bc6 30. Rb4 Ke7 31. Rb6 Kd7 32.
Nxf7 Kc7 33. Ng5 Bxb7 34. Nxe6+ Kc8 35. c6 Ba8 36. Rxb8+ Kxb8 37. Nxg7 Bxc6 38. f3 Kc8 39. Kd2 Kd7 40. e4 Ke7 41. Ke3 Kf6 42. Nf5 1-0

[Event "Late-Titled-Tuesday-Blitz-September-05-2023"]
[Site "Chess.com"]
[Date "2023.09.05"]
[Round "4"]
[White "sofaceindisguise"]
[Black "Bilan_Danila"]
[Result "1-0"]
[WhiteElo "2735"]
[BlackElo "2518"]
[TimeControl "180+1"]
[EndTime "14:39:57 PDT"]
[Termination "sofaceindisguise won on time"]

1. d4 d5 2. c4 c6 3. Nc3 Nf6 4. Nf3 e6 5. cxd5 exd5 6. Bg5 Be7 7. e3 Bf5 8. Nh4 Bg4 9. Qc2 h6 10. Bxf6 Bxf6 11. Nf5 Nd7 12. Nd6+ Ke7 13. Nxb7 Qb6 14. Nc5 Nxc5 15. dxc5 Qxc5 16. Bd3 Rhd8 17. O-O Kf8 18.
Rac1 Rac8 19. Bf5 Bxf5 20. Qxf5 Rb8 21. Na4 Qd6 22. b3 Qe6 23. Qxe6 fxe6 24. Rxc6 e5 25. Rd1 Rbc8 26. Rc5 Rxc5 27. Nxc5 Ke7 28. Kf1 d4 29. exd4 exd4 30. Nd3 Rc8 31. Rc1 Ra8 32. Rc4 Kd6 33. Ke2 h5 34. g3 h4 35. Ra4 hxg3 36. hxg3 Re8+ 37. Kf3 Ra8 38. Ra5 a6 39. b4 Rc8 40.
Rxa6+ Kd5 41. Ra5+ Kd6 42. Rc5 Ra8 43. Rc2 Ra3 44.
Ke4 Ra7 45. b5 Re7+ 46. Kf3 Ra7 47. b6 Rb7 48. Rb2 Kc6 49. Ke4 Rxb6 50. Rxb6+ Kxb6 51. Kd5 Kb5 52. f4 Ka4 53. g4 Ka3 54. g5 Be7 55. Kxd4 Kxa2 56. Ke4 Kb3 57. Ne5 Bd6 58. Nc6 Bc7 59.
Nd4+ 1-0

[Event "Late-Titled-Tuesday-Blitz-September-05-2023"]
[Site "Chess.com"]
[Date "2023.09.05"]
[Round "4"]
[White "YEIKO2017"]
[Black "tteshan"]
[Result "0-1"]
[WhiteElo "2425"]
[BlackElo "2572"]
[TimeControl "180+1"]
[EndTime "14:39:57 PDT"]
[Termination "tteshan won by resignation"]

1. e4 c5 2. Nf3 Nc6 3. Bb5 e6 4. O-O Nge7 5. Nc3 a6 6. Bxc6 Nxc6 7. d4 cxd4 8. Nxd4 Be7 9. Nxc6 bxc6 10. e5 d5 11. exd6 Qxd6 12. Qxd6 Bxd6 13. Ne4 Be5 14. f4 Bd4+ 15. Kh1 f5 16. c3 Bb6 17. Nd6+ Ke7 18. Nc4 Ba7 19. b3 Rd8 20. Ba3+ Kf6 21. Bd6 Bd7 22. Rad1 Be8 23. Be5+ Kg6 24. Bd6 Kh6 25. Rf3 Bh5 26. Rh3 g6 27. Rdd3 Kg7 28. Be5+ Kg8 29. Nd6 Rd7 30. c4 Rad8 31. b4 Be2 32.
Rd2 Bxc4 33. Rc3 Bd5 34. a4 Rxd6 35. Bxd6 Rxd6 36. b5 axb5 37. axb5 Kf7 38. Ra3 Bc5 39. Rc2 Bxa3 0-1

[Event "Late-Titled-Tuesday-Blitz-September-05-2023"]
[Site "Chess.com"]
[Date "2023.09.05"]
[Round "4"]
[White "RebecaJimnz"]
[Black "willyam13"]
[Result "0-1"]
[WhiteElo "2262"]
[BlackElo "2482"]
[TimeControl "180+1"]
[EndTime "14:39:58 PDT"]
[Termination "willyam13 won on time"]

1. e4 e5 2. d4 exd4 3. Qxd4 Nc6 4. Qe3 Nf6 5. Nc3 Bb4 6. Bd2 O-O 7. O-O-O Re8 8. Bc4 d6 9. f3 Be6 10. Bxe6 Rxe6 11. g4 Ne5 12. g5 Nh5 13. Nge2 Nc4 14. Qd3 Nxd2 15. Qxd2 g6 16. h4 c6 17. a3 Ba5 18.
Rdg1 b5 19. Nd4 b4 20. axb4 Bxb4 21. Nxe6 fxe6 22. Qd3 d5 23. exd5 cxd5 24. Qd4 Qd6 25. Re1 Ng3 26. Rhg1 Nf5 27. Qe5 Qxe5 28. Rxe5 Kf7 29.
Na2 Bd6 30. Re2 a5 31. Rge1 Re8 32. Nc3 Re7 33. Nb5 Bf4+ 34. Kb1 Bg3 35. Rg1 Bxh4 36. Nc3 Bg3 37. Rh1 Kg7 38. Rh3 Bf4 39. Rh1 Bxg5 40. Rhe1 Kf7 0-1

[Event "Late-Titled-Tuesday-Blitz-September-05-2023"]
[Site "Chess.com"]
[Date "2023.09.05"]
[Round "4"]
[White "BillieKimbah"]
[Black "TigrVShlyape"]
[Result "1/2-1/2"]
[WhiteElo "3042"]
[BlackElo "2884"]
[TimeControl "180+1"]
[EndTime "14:39:59 PDT"]
[Termination "Game drawn by repetition"]

1. d4 Nf6 2. Nf3 d5 3. Bg5 Ne4 4. Bh4 Bf5 5. e3 c6 6. Nbd2 Nd7 7. Be2 Qb6 8. O-O e6 9. Nxe4 Bxe4 10. Nd2 Bg6 11. Bd3 Bd6 12. Rb1 Bxd3 13. cxd3 a5 14. Nf3 O-O 15. e4 Rfe8 16. Bg3 Bf8 17. Re1 a4 18. h4 h6 19. Bf4 c5 20. dxc5 Bxc5 21.
Qe2 Nf6 22. Ne5 Bd4 23. Nf3 Bc5 24. Rbc1 Rac8 25. Rc2 Ng4 26. Bg3 Bb4 27. Rec1 Rxc2 28. Rxc2 dxe4 29. dxe4 Nf6 30. Ne5 Be7 31. Rc4 a3 32. bxa3 Bxa3 33. Qc2 Bd6 34. Rc8 Bxe5 35. Bxe5 Rxc8 36. Qxc8+ Kh7 37. Bxf6 gxf6 38. Qc2 Kg7 39.
g3 Qd4 40. Kg2 b5 41. a3 b4 42. axb4 Qxb4 43. Qe2 Qb7 44. Qg4+ Kf8 45. Qf3 Kg7 46. Qg4+ Kf8 47. Qf3 Kg7 48. Qg4+ 1/2-1/2

[Event "Late-Titled-Tuesday-Blitz-September-05-2023"]
[Site "Chess.com"]
[Date "2023.09.05"]
[Round "4"]
[White "Andreikka"]
[Black "ckgchess"]
[Result "1-0"]
[WhiteElo "3019"]
[BlackElo "2842"]
[TimeControl "180+1"]
[EndTime "14:40:00 PDT"]
[Termination "Andreikka won on time"]

1. d4 Nf6 2. c4 e6 3. g3 d5 4. Bg2 dxc4 5. Nf3 Nc6 6. O-O Rb8 7. a4 b6 8. Bg5 Be7 9. e3 O-O 10. Qe2 Ba6 11. Na3 Na5 12. Ne5 Nd7 13. Bxe7 Qxe7 14. Nc6 Nxc6 15. Bxc6 e5 16. Nb5 exd4 17.
Nxd4 Ne5 18. Bb5 Bb7 19. f4 a6 20. Bxa6 Bxa6 21. fxe5 Qxe5 22. Nc6 Qe4 23. Nxb8 Rxb8 24. Rf4 Qe6 25. Raf1 Rf8 26. e4 h6 27. h4 Qc6 28. Qh5 c3 29. Rc1 cxb2 30. Rxc6 b1=Q+ 31. Kg2 Bb7 32. Rxc7 Bxe4+ 33. Kf2 Qb2+ 34. Qe2 Qd4+ 35. Kf1 Qd6 36. Rc3 1-0

[Event "Late-Titled-Tuesday-Blitz-September-05-2023"]
[Site "Chess.com"]
[Date "2023.09.05"]
[Round "4"]
[White "leoduarte"]
[Black "AndreiITrifan"]
[Result "0-1"]
[WhiteElo "2396"]
[BlackElo "2629"]
[TimeControl "180+1"]
[EndTime "14:40:00 PDT"]
[Termination "AndreiITrifan won on time"]

1. d4 Nf6 2. Bf4 b6 3. e3 Bb7 4. Nf3 e6 5. h3 Be7 6. Be2 O-O 7.
O-O d6 8. a4 Nbd7 9. Bh2 h6 10.
a5 c5 11. c3 Bc6 12. Na3 Ne4 13. Qc2 bxa5 14. Rfd1 d5 15. Nb5 c4 16. Nc7 Rc8 17.
Rxa5 Rxc7 18. Bxc7 Qxc7 19. Rda1 Ra8 20. b4 Nd6 21. Nd2 Qb7 22. Qa2 Nc8 23. Qb2 a6 24.
Nb1 Bb5 25. R5a2 Ncb6 26. Bd1 e5 27. Ra5 exd4 28. exd4 Nf6 29. Bf3 Bd6 30. Na3 Qc6 31. Nxb5 axb5 32. Rxa8+ Nxa8 33. Qa3 Nb6 34. Qa7 Na4 35.
Bd1 Nxc3 36. Bc2 Qc7 37. Qa8+ Bf8 38. Ra7 Qf4 39. Ra1 Ne2+ 40. Kh1 Qxf2 41. Qd8 Nf4 0-1

[Event "Late-Titled-Tuesday-Blitz-September-05-2023"]
[Site "Chess.com"]
[Date "2023.09.05"]
[Round "4"]
[White "Mops_2004"]
[Black "whitemirrorninja"]
[Result "0-1"]
[WhiteElo "2801"]
[BlackElo "2517"]
[TimeControl "180+1"]
[EndTime "14:40:00 PDT"]
[Termination "whitemirrorninja won by resignation"]

1. g3 g6 2. Bg2 Bg7 3. d4 d5 4. Nf3 Nf6 5. O-O O-O 6. c4 dxc4 7. Na3 c6 8. Nxc4 Nbd7 9. b3 Nb6 10. Nce5 Nfd7 11.
Nd3 a5 12. Bb2 a4 13. Qc2 a3 14. Bc3 Nd5 15. Bd2 N7f6 16. Rad1 Nc7 17. Rfe1 Nb5 18.
e3 Bf5 19. h3 Be4 20. Bc1 Nd5 21.
Bd2 Qd6 22. Nfe5 Bxg2 23. Kxg2 e6 24. Nc4 Qe7 25. b4 Qc7 26. Qb3 Nb6 27. Na5 Qd7 28. Nc5 Qd5+ 29. Qxd5 cxd5 30. Ncxb7 e5 31. dxe5 Bxe5 32. Rc1 Rfc8 33. Nc5 Bb2 34. Rc2 Nd6 35.
Bc1 Nbc4 36. Nxc4 Nxc4 37. Rd1 Rab8 38. Rxd5 Rxb4 39. Nd3 Rbb8 40. Rc5 Rxc5 41. Nxc5 Ne5 42. f4 Bxc1 43. fxe5 Rb2 0-1

[Event "Late-Titled-Tuesday-Blitz-September-05-2023"]
[Site "Chess.com"]
[Date "2023.09.05"]
[Round "4"]
[White "maksimys18"]
[Black "PepeCuenca"]
[Result "1-0"]
[WhiteElo "2512"]
[BlackElo "2660"]
[TimeControl "180+1"]
[EndTime "14:40:00 PDT"]
[Termination "maksimys18 won on time"]

1. d4 d6 2. Nf3 Nf6 3. c4 g6 4. Nc3 Bg7 5. Bg5 O-O 6. e3 c5 7. d5 h6 8. Bh4 g5 9. Bg3 Nh5 10. Be2 f5 11. Qc2 Na6 12. a3 Nc7 13.
h4 Nxg3 14. fxg3 g4 15. Nd2 e5 16. O-O e4 17. Rf4 Be5 18. Raf1 h5 19. b4 b6 20.
Ncxe4 Bxf4 21. Rxf4 fxe4 22. Qxe4 Kg7 23. Bd3 Rxf4 24. Qh7+ Kf8 25. exf4 Qf6 26. Bg6 Qg7 27. Qxh5 Bd7 28. Ne4 Ne8 29. Qg5 Kg8 30. h5 Kh8 31. h6 Qf8 32. f5 Nc7 33. Qd2 Kg8 34. h7+ Kh8 35. Qg5 Re8 36. Bxe8 Nxe8 37. f6 Qf7 38.
Qf4 Qxh7 39. f7 1-0

[Event "Late-Titled-Tuesday-Blitz-September-05-2023"]
[Site "Chess.com"]
[Date "2023.09.05"]
[Round "4"]
[White "MusicCityMaster"]
[Black "crazy_but_lazy"]
[Result "0-1"]
[WhiteElo "2445"]
[BlackElo "2597"]
[TimeControl "180+1"]
[EndTime "14:40:00 PDT"]
[Termination "crazy_but_lazy won by resignation"]

1. e4 d6 2. d4 Nf6 3. Nc3 e5 4. Nf3 Nbd7 5. Bc4 Be7 6. h3 O-O 7. Be3 c6 8. a4 a5 9. O-O exd4 10. Nxd4 Nb6 11. Bd3 Re8 12. f4 d5 13. e5 c5 14.
Ndb5 d4 15. exf6 Bxf6 16. Ne4 dxe3 17. Nxf6+ gxf6 18. Qh5 f5 19. Rae1 Nd5 20. Bxf5 Bxf5 21. Qxf5 Ra6 22. Rf3 Rg6 23. c4 Ne7 24. Qc2 Nc6 25.
Rfxe3 Rge6 26. Rxe6 Rxe6 27. Rxe6 fxe6 28. Qe2 Qf6 29.
Qg4+ Kf7 30. Nd6+ Ke7 31. Ne4 Qd4+ 32. Nf2 Qxc4 33. Qg5+ Kd6 34. Ng4 Qc1+ 35. Kh2 Qxb2 36. Nf6 Nd4 37. Ne8+ Kd7 38. Ng7 Nf3+ 39. Kg3 Nxg5 40.
fxg5 Qxg7 41. h4 Qd4 42. h5 c4 43. g6 hxg6 44. hxg6 Qg7 45. Kf4 Qxg6 46. g4 c3 47. g5 c2 0-1

[Event "Late-Titled-Tuesday-Blitz-September-05-2023"]
[Site "Chess.com"]
[Date "2023.09.05"]
[Round "4"]
[White "dosto07"]
[Black "Willychess95"]
[Result "0-1"]
[WhiteElo "2504"]
[BlackElo "2698"]
[TimeControl "180+1"]
[EndTime "14:40:02 PDT"]
[Termination "Willychess95 won on time"]

1. e4 c5 2. Nf3 e6 3. c3 Nc6 4. Bb5 Nge7 5. O-O a6 6. Ba4 b5 7. Bc2 d5 8. e5 Ng6 9. d4 Bb7 10. Re1 Be7 11. dxc5 Bxc5 12. Be3 Be7 13. Bd4 O-O 14.
Nbd2 Nxd4 15. cxd4 a5 16. Rc1 a4 17. Bd3 Qb6 18.
g3 Rfc8 19. Qe2 b4 20. h4 Nf8 21. Qe3 h6 22. Qf4 Ba6 23. Bb1 b3 24. a3 Qa5 25.
Nh2 Rxc1 26. Rxc1 Rc8 27. Rxc8 Bxc8 28. Ng4 Qc7 29. Nf3 Ba6 30. Qd2 Nd7 31. Kg2 Kf8 32. Ne1 Ke8 33. Nd3 Qb6 34. Nf4 Nb8 35. Nh5 Bf8 36. Qc3 Nc6 37. Ngf6+ gxf6 38. Nxf6+ Kd8 39.
Qe3 Qxd4 40. Qf3 Nxe5 41. Qh5 Be7 42. Ng8 Bd3 43. Bxd3 Nxd3 0-1

[Event "Late-Titled-Tuesday-Blitz-September-05-2023"]
[Site "Chess.com"]
[Date "2023.09.05"]
[Round "4"]
[White "Eloist"]
[Black "valemava"]
[Result "0-1"]
[WhiteElo "2451"]
[BlackElo "2294"]
[TimeControl "180+1"]
[EndTime "14:40:02 PDT"]
[Termination "valemava won on time"]

1. e4 c5 2. Nf3 Qa5 3. c3 Nc6 4. Bd3 d6 5. O-O Bg4 6. Be2 Nf6 7. d3 e6 8. h3 Bh5 9. Nbd2 Be7 10. Re1 O-O 11. Nf1 Rfd8 12. Ng3 Bg6 13. Nh4 b5 14. Nxg6 hxg6 15. d4 cxd4 16. cxd4 Nxd4 17. Bf1 Nc6 18. Bd2 Qb6 19. Be3 Qb7 20. a4 a6 21. Qb3 b4 22.
a5 d5 23. Bb6 Rdc8 24. e5 Nd7 25. Be3 Ncxe5 26. Rac1 Rxc1 27. Rxc1 Rc8 28. Rxc8+ Qxc8 29. f4 Nc4 30. Qc2 Bc5 31. Bxc5 Qxc5+ 32. Kh2 Nxa5 33. Qa4 Nc6 34. Qxa6 Nf6 35. Qc8+ Kh7 36. Qb7 Nd8 37.
Qb8 Qe7 38. Bd3 Ne8 39. Ne2 Qc7 40. Qb5 Nd6 41. Qa6 Nc4 42. b3 Ne3 43. Qa1 Nf5 44. g4 Nd6 45. Qd1 Qc5 46. Qd2 Qf2+ 47. Kh1 Nc6 48. Qd1 Qf3+ 49. Kh2 Nd4 0-1

[Event "Late-Titled-Tuesday-Blitz-September-05-2023"]
[Site "Chess.com"]
[Date "2023.09.05"]
[Round "4"]
[White "Sina_Movahed"]
[Black "korason34"]
[Result "1-0"]
[WhiteElo "2984"]
[BlackElo "2688"]
[TimeControl "180+1"]
[EndTime "14:40:03 PDT"]
[Termination "Sina_Movahed won by checkmate"]

1. Nf3 Nf6 2. c4 e6 3. g3 d5 4. Bg2 dxc4 5. O-O a6 6. a4 Be7 7. Na3 Bxa3 8. Rxa3 O-O 9. Qc2 c5 10. Qxc4 b6 11. b4 cxb4 12. Qxb4 Nc6 13. Qb1 Bb7 14. Bb2 Nd5 15. Rb3 Na5 16. Rd3 Qe8 17.
Ba3 Qxa4 18. Ng5 g6 19. Bxf8 Rxf8 20. Ne4 Nc4 21. Rd4 e5 22. Rxd5 Bxd5 23. Nf6+ Kg7 24. Nxd5 Nxd2 25. Qd1 Qd4 26. e3 Qb2 27. Qe2 Rc8 28.
Qxa6 Rc2 29. Rd1 Nc4 30. Bf1 Rxf2 31. Qxc4 Rxh2 32. Be2 Rxe2 33. Qe4 Rf2 34. Rb1 Qe2 35. Qxe5+ f6 36. Qe7+ Kh6 37. Qe4 f5 38. Qh4+ Kg7 39. Qe7+ Kh6 40. Nf4 Qf3 41. Qh4+ Kg7 42. Rc1 h6 43.
Rc7+ Kf8 44. Qd8# 1-0

[Event "Late-Titled-Tuesday-Blitz-September-05-2023"]
[Site "Chess.com"]
[Date "2023.09.05"]
[Round "4"]
[White "FabianoCaruana"]
[Black "eljanov"]
[Result "1-0"]
[WhiteElo "3072"]
[BlackElo "2878"]
[TimeControl "180+1"]
[EndTime "14:40:04 PDT"]
[Termination "FabianoCaruana won by resignation"]

1. e4 c6 2. d4 d5 3. f3 e6 4. Nc3 Bb4 5. Be3 b6 6. Qd2 Nf6 7. e5 Nfd7 8. f4 c5 9. Nf3 Ba6 10. Bxa6 Nxa6 11. a3 Ba5 12. O-O Rc8 13.
b4 cxb4 14. Nb5 O-O 15. Qd3 bxa3 16. c3 f5 17. Rxa3 Qe7 18. Rfa1 Nab8 19. Nxa7 Rc4 20. Nb5 Rfc8 21. Bd2 R4c6 22. Rb3 Nf8 23. h3 Ng6 24. Kh2 Rf8 25. Rg1 Na6 26. Bc1 Qd7 27. Qe3 Nc7 28.
Nd6 Ne8 29. Ba3 Nxd6 30. exd6 Rfc8 31. Rc1 Qe8 32. Ne5 Nxe5 33. fxe5 Qd7 34. Bb4 Bxb4 35.
Rxb4 h6 36. Rb3 Kh7 37. Rcb1 Qf7 38. Qg3 f4 39. Qd3+ Qg6 40. Qxg6+ Kxg6 41. Rxb6 Rxc3 42.
d7 Rd8 43. Rxe6+ Kf7 44. Rd6 Rc2 45. Rxd5 Ke7 46. Kg1 Rd2 47. Rb7 g5 48. Rd6 h5 49. d5 g4 50. hxg4 hxg4 51. Re6+ Kf7 52. Rf6+ Kg7 53. Rxf4 g3 54. Rg4+ 1-0

[Event "Late-Titled-Tuesday-Blitz-September-05-2023"]
[Site "Chess.com"]
[Date "2023.09.05"]
[Round "4"]
[White "GM_dmitrij"]
[Black "GrigorGrigorov"]
[Result "1-0"]
[WhiteElo "3035"]
[BlackElo "2869"]
[TimeControl "180+1"]
[EndTime "14:40:05 PDT"]
[Termination "GM_dmitrij won by resignation"]

1. e4 c6 2. d4 d5 3. exd5 cxd5 4.
Nf3 Nc6 5. c3 Bg4 6. h3 Bh5 7.
Qb3 Bxf3 8. Qxb7 Qc8 9. Qxc8+ Rxc8 10. gxf3 Nxd4 11. Ba6 Rc6 12. Bd3 Re6+ 13. Kd1 Nxf3 14. Be3 a6 15. Be2 Ne5 16. Nd2 Nf6 17. Kc2 Rc6 18.
Nb3 Nc4 19. Nd4 Nxe3+ 20. fxe3 Rb6 21. a4 e5 22. a5 Rd6 23. Nf3 Re6 24. b4 g6 25. b5 Bc5 26. b6 Bxe3 27. Bxa6 O-O 28. Rhe1 Bxb6 29. axb6 Rxb6 30. Nxe5 Re8 31. Bd3 Rc8 32.
Nf3 Rbc6 33. Ra3 Rc5 34. Nd4 R8c7 35. Kd2 Nd7 36. Ra8+ Kg7 37. Re7 Kf6 38. Re3 Rxc3 39.
Nb5 Rxd3+ 40. Rxd3 Rc5 41. Nc3 Nb6 42. Ra6 1-0

[Event "Late-Titled-Tuesday-Blitz-September-05-2023"]
[Site "Chess.com"]
[Date "2023.09.05"]
[Round "4"]
[White "GoltsevDmitry2000"]
[Black "colegiodemadrid"]
[Result "0-1"]
[WhiteElo "2652"]
[BlackElo "2496"]
[TimeControl "180+1"]
[EndTime "14:40:06 PDT"]
[Termination "colegiodemadrid won by resignation"]

1. e4 e5 2. Nf3 Nc6 3. Bb5 a6 4. Ba4 Nf6 5. O-O Be7 6. Re1 b5 7. Bb3 O-O 8. c3 d5 9. d4 dxe4 10.
Nxe5 Nxe5 11. dxe5 Qxd1 12. Rxd1 Ng4 13. Bd5 Rb8 14. Bxe4 Nxe5 15. Be3 Bd6 16. Ba7 Bg4 17. f3 Rbd8 18. fxg4 Bc5+ 19. Bxc5 Rxd1+ 20. Kf2 Re8 21. Kg3 Nd3 22. Bf3 Rc1 23. Bf2 Nxf2 24. Kxf2 Ree1 25. a4 Rxb1 26. Ra2 g6 27. axb5 axb5 28. Ra5 Rec1 29. Rxb5 Rxc3 30. Kg3 Rcc1 31. Kf4 Kg7 32. h4 Ra1 33. h5 Ra4+ 34. Kg5 h6+ 35. Kh4 gxh5 36.
Kg3 hxg4 37. Bxg4 Rd4 38. Bf3 Rd6 39. Rb4 c5 40. Rg4+ Rg6 41. Be4 Rxg4+ 42. Kxg4 Rc4 43.
Kf3 Rb4 44. Kf4 Rxb2 45. g4 Rb4 46. Kf5 Rxe4 47. Kxe4 Kg6 48. Kd5 Kg5 49. Kxc5 Kxg4 50. Kd4 f5 51. Ke3 Kg3 52. Ke2 Kg2 53. Ke3 h5 54. Kf4 h4 55. Kg5 h3 0-1

[Event "Late-Titled-Tuesday-Blitz-September-05-2023"]
[Site "Chess.com"]
[Date "2023.09.05"]
[Round "4"]
[White "ArtemDyachuk"]
[Black "Schattman"]
[Result "0-1"]
[WhiteElo "2543"]
[BlackElo "2421"]
[TimeControl "180+1"]
[EndTime "14:40:08 PDT"]
[Termination "Schattman won by checkmate"]

1. d4 Nf6 2. c4 g6 3. Nc3 d5 4. cxd5 Nxd5 5. e4 Nxc3 6. bxc3 Bg7 7. Bb5+ c6 8. Ba4 b5 9. Bb3 a5 10. Nf3 a4 11. Bc2 O-O 12. Be3 Qa5 13. Qd2 c5 14. e5 Bb7 15. d5 Nd7 16. Bf4 Bxd5 17. Qe3 Bxf3 18. gxf3 Nb6 19. Be4 Nc4 20. Qc1 Rad8 21.
h4 h5 22. e6 f5 23. Bc6 Qxc3+ 24. Ke2 Qxa1 25. Qxa1 Bxa1 26. Rxa1 Na3 27. Bg5 Nc2 28.
Bxe7 Nd4+ 29. Kf1 Nxc6 30. Bxd8 Rxd8 31. Rc1 Rd5 32. Re1 Kf8 33. Kg2 Ke7 34. Kg3 Rd6 35.
Kf4 Rxe6 36. Rd1 Rd6 37. Kg5 Rxd1 38. f4 Kf7 39. f3 b4 40. a3 b3 41. Kh6 b2 42. Kg5 b1=Q 43. Kh6 Qb8 44. Kg5 Rd8 45. Kh6 Qd6 46. Kh7 Rh8+ 47. Kxh8 Qf6+ 48. Kh7 Qg7# 0-1

[Event "Late-Titled-Tuesday-Blitz-September-05-2023"]
[Site "Chess.com"]
[Date "2023.09.05"]
[Round "4"]
[White "KrokerGuy"]
[Black "TC2304"]
[Result "0-1"]
[WhiteElo "2486"]
[BlackElo "2363"]
[TimeControl "180+1"]
[EndTime "14:40:10 PDT"]
[Termination "TC2304 won on time"]

1. e4 e6 2. d4 d5 3. Nc3 dxe4 4. Nxe4 Bd7 5. Nf3 Bc6 6. Bd3 Nd7 7. c3 Ngf6 8. Ng3 Be7 9. O-O O-O 10. Re1 b6 11. a4 a6 12. Qe2 Bb7 13. Bf4 c5 14. dxc5 Nxc5 15. Bc2 Qc8 16. Nf5 exf5 17. Qxe7 Bxf3 18. gxf3 Qc6 19. Kg2 Nd5 20. Qd6 Nxf4+ 21. Qxf4 g6 22. Rad1 Ne6 23. Qd6 Rac8 24. Re5 Ng5 25. Qxc6 Rxc6 26.
Re7 Re6 27. Rxe6 Nxe6 28. Rd6 Rb8 29. Kg3 Rb7 30. Bd1 Kf8 31. Be2 a5 32. Ba6 Rb8 33. Bc4 Ke7 34. Rd5 Rc8 35. b3 h6 36.
f4 Rc7 37. Re5 Kf6 38. Bxe6 fxe6 39. Re3 g5 40. fxg5+ hxg5 41. f4 gxf4+ 42. Kxf4 Rh7 43. Kg3 e5 44. Rd3 f4+ 45. Kf3 Kf5 46. Rd6 Rh3+ 47. Kg2 Rxc3 48. Rxb6 Ke4 49. Rb5 f3+ 50. Kg3 Rc1 0-1